 Dungeon Crawl Stone Soup version 0.21.1-1-g345015fe64 (webtiles) character file.

182 Lorindel the Conjurer (level 5, -1/43 HPs)
             Began as a Deep Elf Conjurer on Mar 5, 2018.
             Slain by a sky beast (6 damage)
             ... on level 3 of the Dungeon.
             The game lasted 00:13:31 (2093 turns).

Lorindel the Conjurer (Deep Elf Conjurer)           Turns: 2093, Time: 00:13:32

Health: -1/43      AC:  2    Str: 10    XL:     5   Next: 34%
Magic:  3/14       EV: 14    Int: 21    God:
Gold:   102        SH:  0    Dex: 15    Spells: 0/13 levels left

rFire    + . .     SeeInvis .   j - +2 mace (protect)
rCold    . . .     Gourm    .   (no shield)
rNeg     . . .     Faith    .   a - +0 robe
rPois    .         Spirit   .   (no helmet)
rElec    .         Reflect  .   (no cloak)
rCorr    .         Harm     .   (no gloves)
MR       .....                  (no boots)
Stlth    ..........             f - amulet of rage
HPRegen  0.14/turn              d - ring of protection from fire
MPRegen  0.14/turn              (no ring)

@: berserking, very quick
A: no striking features
a: Evoke Berserk Rage


You were on level 3 of the Dungeon.
You were hungry.

You visited 1 branch of the dungeon, and saw 3 of its levels.

You collected 102 gold pieces.

Inventory:

Hand Weapons
 j - a +2 mace of protection (weapon)
Armour
 a - a +0 robe (worn)
Jewellery
 d - a ring of protection from fire (left hand)
 e - an uncursed amulet of faith
 f - an amulet of rage (around neck)
Wands
 q - a wand of polymorph (6)
Scrolls
 h - a scroll of teleportation
 l - 2 scrolls of identify
 s - a scroll of amnesia
 u - a scroll of fear {unknown}
Potions
 g - 2 potions of agility
 i - a potion of heal wounds {unknown}
 k - a potion of flight {unknown}
 n - a potion of might {unknown}
 o - a potion of berserk rage {unknown}
 r - a potion of mutation {unknown}
Books
 b - a book of Conjurations

   Spells                             Type                      Level
   a - Magic Dart                     Conjuration                  1
   b - Searing Ray                    Conjuration                  2
   c - Dazzling Spray                 Conjuration/Hexes            3
   d - Fulminant Prism                Conjuration/Hexes            4
   e - Force Lance                    Conjuration/Translocation    4
   f - Iskenderun's Mystic Blast      Conjuration                  4
 p - a book of Maledictions

   Spells                             Type                      Level
   a - Corona                         Hexes                        1
   b - Ensorcelled Hibernation        Hexes/Ice                    2
   c - Confuse                        Hexes                        3
   d - Tukima's Dance                 Hexes                        3
   e - Dazzling Spray                 Conjuration/Hexes            3
 t - a book of Minor Magic

   Spells                             Type                      Level
   a - Magic Dart                     Conjuration                  1
   b - Blink                          Translocation                2
   c - Call Imp                       Summoning                    2
   d - Slow                           Hexes                        2
   e - Conjure Flame                  Conjuration/Fire             3
   f - Mephitic Cloud                 Conjuration/Poison/Air       3
Comestibles
 c - 3 rations
 m - 2 chunks of flesh


   Skills:
 + Level 1.4 Fighting
 + Level 3.4 Dodging
 + Level 3.4 Stealth
 * Level 4.8 Spellcasting
 + Level 4.9 Conjurations
 + Level 1.9 Hexes
 + Level 0.0 Summonings
 + Level 0.0 Translocations
 + Level 0.0 Evocations


You couldn't memorise any spells.
You knew the following spells:

 Your Spells              Type           Power        Failure   Level  Hunger
a - Iskenderun's Mystic   Conj           ####....     14%         4    ####...
b - Searing Ray           Conj           ####..       2%          2    None
c - Dazzling Spray        Conj/Hex       ###...       9%          3    ##.....
d - Call Imp              Summ           #.......     17%         2    None
e - Blink                 Tloc           N/A          17%         2    None


Dungeon Overview and Level Annotations

Branches:
Dungeon (3/15)

Altars:
Elyvilon
Yredelemnul
Zin


Message History

Your weapon exudes an aura of protection.
The sky beast is severely wounded.
The giant cockroach closely misses you.
You closely miss the sky beast.
The sky beast is severely wounded.
The sky beast misses you.
The giant cockroach bites you but does no damage.
You closely miss the sky beast.
The sky beast is severely wounded.
The sky beast misses you. The giant cockroach closely misses you.
You barely miss the sky beast.
The sky beast is severely wounded.
The sky beast closely misses you. The giant cockroach bites you.
* * * LOW HITPOINT WARNING * * *
You barely miss the sky beast.
The sky beast is severely wounded.
The giant cockroach misses you. The sky beast hits you.
* * * LOW HITPOINT WARNING * * *
The sky beast shocks you.
You die...

#.#..### #...#.... #.#..#
#..##.... #.#.... #.. #####
#.#.###. #.. #.#.# # #.. #.#.# #.
#.#.###.## #.#s...... . .#####
#.@Y(††... ........
#######.####.###### #.# ...# #..
#.# ##.## #.# #.# ##...###.# #.#
##############.....#... #.#
#...................... #.#
#)######## ###.....#...
#####.#####)#############...###.#


You could see a sky beast and a giant cockroach.

Vanquished Creatures
  2 orc priests (D:3)
  8 adders
  A dart slug (D:1)
  A leopard gecko (D:2)
  2 orcs (D:3)
  2 giant cockroaches
  3 goblins
  6 hobgoblins
  3 jackals (D:1)
  7 kobolds
  2 quokkas
  A ball python (D:3)
  8 bats
  3 frilled lizards
  3 rats
52 creatures vanquished.

Notes
Turn   | Place    | Note
-------+----------+-------------------------------------------
     0 | D:1      | Lorindel the Deep Elf Conjurer began the quest for the Orb.
     0 | D:1      | Reached XP level 1. HP: 10/10 MP: 6/6
   158 | D:1      | Reached XP level 2. HP: 15/15 MP: 5/8
   162 | D:1      | Learned a level 2 spell: Searing Ray
   737 | D:2      | Found a white marble altar of Elyvilon.
   764 | D:2      | Reached XP level 3. HP: 20/20 MP: 7/10
   769 | D:2      | Learned a level 3 spell: Dazzling Spray
  1110 | D:2      | Found a faded altar of an unknown god.
  1216 | D:2      | Reached skill level 1 in Fighting
  1304 | D:2      | Found a glowing silver altar of Zin.
  1408 | D:2      | Found a basalt altar of Yredelemnul.
  1637 | D:3      | Reached skill level 1 in Hexes
  1637 | D:3      | Reached XP level 4. HP: 11/25 MP: 7/12
  1842 | D:3      | Reached XP level 5. HP: 29/29 MP: 10/13
  2071 | D:3      | Learned a level 4 spell: Iskenderun's Mystic Blast
  2074 | D:3      | Learned a level 2 spell: Call Imp
  2077 | D:3      | Learned a level 2 spell: Blink
  2081 | D:3      | Noticed a sky beast
  2093 | D:3      | Slain by a sky beast

Skill      XL: |  1  2  3 |
---------------+----------+-----
Spellcasting   | 4 |  4.8
Stealth        | 3 |  3.4
Dodging        | 3 |  3.4
Fighting       | 1 |  1.4
Hexes          | 1 |  1.9
Conjurations   | |  4.9

Action                   |  1- 3 |  4- 6 || total
-------------------------+-------+-------++-------
Melee: Mace              |    18 |    29 ||    47
 Cast: Magic Dart        |    57 |    25 ||    82
       Searing Ray       |     2 |     2 ||     4
       Iskenderun's Myst |       |     2 ||     2
 Abil: Evoke Berserk Rag |       |     1 ||     1
  Use: Scroll            |     4 |     1 ||     5
  Eat: Chunk             |     2 |     2 ||     4
Armor: Robe              |     7 |     6 ||    13
Dodge: Dodged            |    18 |    27 ||    45
